 Dungeon Crawl Stone Soup version 0.27-a0-1193-g8631133539 (webtiles) character file.

Game seed: 12884312691844247143

5525 tilp the Summoner (level 10, -13/80 HPs)
             Began as a Barachi Summoner on May 26, 2021.
             Was an Elder of Okawaru.
             Mangled by a catoblepas (24 damage)
             ... on level 10 of the Dungeon.
             The game lasted 00:30:46 (18870 turns).

tilp the Summoner (Barachi Summoner)               Turns: 18870, Time: 00:30:47

Health: -13/80     AC:  9    Str: 20    XL:     10   Next: 70%
Magic:  14/17      EV: 12    Int: 15    God:    Okawaru [****..]
Gold:   14         SH:  5    Dex: 12    Spells: 2/19 levels left

rFire    + . .     SeeInvis .   a - +2 trident (flame)
rCold    + . .     Faith    +   h - +0 buckler
rNeg     . . .     Spirit   .   A - +0 ring mail {rC+}
rPois    .         Reflect  .   (no helmet)
rElec    .         Harm     .   s - +0 cloak
rCorr    .         Rampage  .   (no gloves)
Will     .....                  r - +2 pair of boots
Stlth    ++........             x - amulet of faith
HPRegen  0.23/turn              J - +6 ring of strength
MPRegen  0.15/turn              I - ring of protection from fire

@: weak-willed, slow
A: amphibious, slowness 1, strong legs 1, +LOS
a: Hop, Renounce Religion, Heroism


You were on level 10 of the Dungeon.
You worshipped Okawaru.
Okawaru was greatly pleased with you.
You visited 2 branches of the dungeon, and saw 12 of its levels.

You collected 410 gold pieces.
You spent 396 gold pieces at shops.

Inventory:

Hand Weapons
 a - a +2 trident of flaming (weapon)
 b - a +2 long sword of holy wrath
 f - a +2 vampiric short sword
 j - a +4 falchion of freezing
 q - a +2 scimitar of flaming
 y - the +6 hunting sling "Marrer" {venom, Fly rCorr}
   (You found it on level 7 of the Dungeon)

   It poisons the ammo it fires.
   It grants you flight.
   It protects you from acid and corrosion.
 F - a +0 glaive
Missiles
 o - 30 poisoned darts (quivered)
 p - 9 boomerangs
Armour
 h - a +0 buckler (worn)
 r - a +2 pair of boots (worn)
 s - a +0 cloak (worn)
 z - a +2 kite shield of protection
 A - a +0 ring mail of cold resistance (worn)
 B - a +0 helmet
Jewellery
 k - a ring of flight
 x - an amulet of faith (around neck)
 C - an amulet of the acrobat
 I - a ring of protection from fire (right hand)
 J - a +6 ring of strength (left hand)
Wands
 t - a wand of paralysis (5)
 w - a wand of digging (4)
Scrolls
 e - a scroll of magic mapping
 l - 3 scrolls of teleportation
 n - 2 scrolls of blinking
 u - 2 scrolls of fear
 D - 2 scrolls of silence
 E - 3 scrolls of enchant weapon
Potions
 c - 2 potions of resistance
 d - 3 potions of curing
 g - 2 potions of lignification
 i - 5 potions of mutation
 m - a potion of haste
 v - 2 potions of might
 G - a potion of brilliance {unknown}
 H - a potion of heal wounds {unknown}


   Skills:
 - Level 8.0 Fighting
 - Level 6.0 Polearms
 - Level 4.0 Dodging
 - Level 4.0 Stealth
 - Level 4.0 Shields
 + Level 5.3 Spellcasting
 + Level 9.0 Summonings
 + Level 3.9 Ice Magic
 + Level 3.5 Air Magic
 - Level 4.0 Invocations
 - Level 4.0 Evocations


You had 2 spell levels left.
You knew the following spells:

 Your Spells              Type           Power      Damage    Failure   Level
a - Summon Small Mammal   Summ           100%       N/A       1%          1
b - Call Imp              Summ           31%        N/A       1%          2
c - Call Canine Familiar  Summ           31%        N/A       1%          3
d - Summon Guardian Gole  Hex/Summ       17%        N/A       13%         3
e - Summon Ice Beast      Ice/Summ       23%        N/A       19%         4
f - Summon Lightning Spi  Summ/Air       22%        N/A       21%         4

Your spell library contained the following spells:

 Spells                   Type           Power      Damage    Failure   Level
 Foxfire                  Conj/Fire      12%        2x1d4     28%         1
 Conjure Flame            Conj/Fire      3%         6-21      63%         3
 Inner Flame              Hex/Fire       3%         N/A       63%         3
 Sticky Flame             Conj/Fire      3%         2d3       95%         4
 Fireball                 Conj/Fire      1%         3d3       100%        5


Dungeon Overview and Level Annotations

Branches:
Dungeon (11/15)            Temple (1/1) D:7            Lair (0/6) D:10
    Orc: D:9-12

Altars:
Ashenzari
Cheibriados
Dithmenos
Elyvilon
Fedhas
Gozag
Hepliaklqana
Kikubaaqudgha
Makhleb
Nemelex Xobeh
Okawaru
Qazlal
Ru
Sif Muna
Trog
Uskayaw
Vehumet
Wu Jian
Xom
Yredelemnul
Zin
The Shining One

Shops:
D:2 :?

Annotations:
D:9 exclusion: vampire
D:10 Erolcha


Innate Abilities, Weirdness & Mutations

You are amphibious.
You cover ground slowly.
You can hop short distances.
You have an extended range of vision and can be seen from far away.


Message History

You are engulfed in calcifying dust.
Your limbs have turned to stone.
The catoblepas breathes a plume of calcifying dust at you.
The blast of calcifying dust hits you but does no damage.
The catoblepas gores you!!
You have turned to stone.
You are engulfed in calcifying dust.
The catoblepas gores you!!
You are engulfed in calcifying dust.
The catoblepas breathes a plume of calcifying dust at you.
The blast of calcifying dust hits you.
You are engulfed in calcifying dust.
The catoblepas gores you but does no damage.
You are engulfed in calcifying dust.
The catoblepas gores you!!
* * * LOW HITPOINT WARNING * * *
The catoblepas breathes a plume of calcifying dust at you.
The blast of calcifying dust hits you but does no damage.
You are engulfed in calcifying dust.
The catoblepas completely misses you.
You are engulfed in calcifying dust.
The catoblepas breathes a plume of calcifying dust at you.
The blast of calcifying dust hits you.
* * * LOW HITPOINT WARNING * * *
You are engulfed in calcifying dust.
The catoblepas gores you!!
* * * LOW HITPOINT WARNING * * *
You are engulfed in calcifying dust.
The catoblepas gores you but does no damage.
You turn to flesh and can move again.
Unknown command.
Unknown command.
You hit the catoblepas but do no damage.
The catoblepas is almost dead.
The catoblepas gores you.
* * * LOW HITPOINT WARNING * * *
Unknown command.
Unknown command.
You hit the catoblepas but do no damage.
The catoblepas is almost dead.
The catoblepas roars fiercely, eyes lowered.
The catoblepas barely misses you.
Casting: Call Imp (safe; 1% risk of failure)
Confirm with . or Enter, or press ? or * to list all spells.
The catoblepas gores you!!
You die...

....'............####'#+##.....##
....#............................
....#............................
....#............................
....###...#'###'######......#####
......#..............#......#....
......#....≈≈.≈......########....
......##..§≈≈≈≈≈h................
..........§§≈.≈≈@.....(..........
.........≈≈§>.≈≈Y..........#####.
.........≈≈.≈≈≈≈...........#...#.
.........≈.≈≈≈≈...........<'...'.
..........≈≈≈..............#...#.
......#+.^.................#...#.
......#......#............Y#...#.
......#......##+####'#...5h#...#.
......'..............#....>#...#.


You could see a catoblepas (weak-willed, ally target) and a friendly hound
(summoned).

Vanquished Creatures
  A fire dragon (D:10)
  A troll (D:10)
  Grinder (D:3)
  2 wraiths
  5 yaks
  A wyvern (D:8)
  Eustachio (D:6)
  Duvessa (D:4)
  5 orc warriors
  A necrophage (D:5)
  A sky beast (D:7)
  4 bullfrogs
  3 scorpions
  A water moccasin skeleton (D:5)
  2 howler monkeys (D:6)
  6 wights
  An electric eel (D:6)
  A hound (D:5)
  A bullfrog skeleton (D:5)
  2 centaur skeletons
  4 orc priests
  2 jellies
  8 orc wizards
  Natasha (thrice) (D:4)
  A hound zombie (D:5)
  2 hound skeletons (D:5)
  4 adders
  2 shadow imps
  A worm (D:2)
  2 dart slugs (D:4)
  21 orcs
  A bat (D:2)
  5 endoplasms
  4 giant cockroaches
  4 goblins
  A hobgoblin (D:1)
  5 jackals
  5 quokkas
  8 ball pythons
  A frilled lizard (D:3)
  4 kobolds
  4 rats (D:2)
133 creatures vanquished.

Vanquished Creatures (collateral kills)
  Erica (D:10)
  2 yaks
  An acid dragon (D:10)
  A water moccasin (D:8)
  An ogre (D:6)
  Dowan (D:4)
  A centaur zombie (D:7)
  2 jellies
  3 orc priests
  Crazy Yiuf (D:4)
  An iguana (D:5)
  5 orc wizards
  An adder (D:2)
  An adder skeleton (D:4)
  A worm (D:3)
  12 orcs
  A ball python (D:1)
  An endoplasm (D:1)
  A goblin (D:4)
  4 hobgoblins
  2 jackals (D:2)
  3 quokkas
  3 kobolds
  2 rats (D:2)
52 creatures vanquished.

Vanquished Creatures (others)
  An orc wizard (D:8)
  2 fungi (D:4)
  39 plants (D:6)
42 creatures vanquished.

Grand Total: 227 creatures vanquished

Notes
Turn   | Place    | Note
-------+----------+-------------------------------------------
     0 | D:1      | tilp the Barachi Summoner began the quest for the Orb.
     0 | D:1      | Reached XP level 1. HP: 13/13 MP: 3/3
   276 | D:1      | Reached skill level 1 in Fighting
   365 | D:1      | Found a faded altar of an unknown god.
   722 | D:1      | Reached XP level 2. HP: 11/22 MP: 1/5
   767 | D:1      | Learned a level 2 spell: Call Imp
  1181 | D:1      | Reached skill level 5 in Summonings
  2035 | D:2      | Reached XP level 3. HP: 15/27 MP: 2/6
  2039 | D:2      | Learned a level 3 spell: Call Canine Familiar
  2906 | D:2      | Found Mibrenyrch's Magic Scroll Shoppe.
  2912 | D:2      | Bought a scroll of identify for 24 gold pieces
  2912 | D:2      | Bought a scroll of identify for 24 gold pieces
  3070 | D:2      | Reached XP level 4. HP: 30/33 MP: 2/8
  3390 | D:2      | Found Gitaug's Book Shop.
  3889 | D:3      | Noticed Grinder
  4032 | D:3      | You are sucked into a shaft and drop 2 floors!
  4032 | D:5      | Entered Level 5 of the Dungeon
  4362 | D:4      | Found a broken altar of Ashenzari.
  5035 | D:3      | Reached skill level 6 in Summonings
  5035 | D:3      | Reached XP level 5. HP: 29/38 MP: 5/10
  5264 | D:4      | Noticed Duvessa
  5264 | D:4      | Noticed Dowan
  6120 | D:2      | Bought a scroll of magic mapping for 42 gold pieces
  6120 | D:2      | Bought a scroll of teleportation for 36 gold pieces
  6869 | D:4      | Killed Duvessa
  6870 | D:4      | Reached XP level 6. HP: 21/48 MP: 5/12
  6902 | D:4      | Killed Dowan
  7250 | D:4      | Noticed Natasha
  7258 | D:4      | Killed Natasha
  7543 | D:4      | Found a runed translucent door.
  7544 | D:4      | Noticed Crazy Yiuf
  7700 | D:4      | Found a broken altar of Ashenzari.
  7922 | D:4      | Noticed Natasha
  7931 | D:4      | Killed Natasha
  8110 | D:4      | Noticed Natasha
  8115 | D:4      | Killed Natasha
  8684 | D:4      | Killed Crazy Yiuf
  8685 | D:4      | Reached XP level 7. HP: 54/54 MP: 7/13
  9042 | D:5      | Reached skill level 1 in Shields
 10196 | D:6      | Reached XP level 8. HP: 56/60 MP: 14/14
 10291 | D:6      | Noticed Eustachio
 10395 | D:6      | Reached skill level 7 in Summonings
 10904 | D:6      | Reached skill level 8 in Summonings
 11043 | D:6      | Killed Eustachio
 11667 | D:7      | Reached skill level 5 in Fighting
 11882 | D:7      | Found a staircase to the Ecumenical Temple.
 11908 | Temple   | Entered the Ecumenical Temple
 12231 | Temple   | Became a worshipper of Warmaster Okawaru
 12556 | D:7      | Reached skill level 1 in Polearms
 12556 | D:7      | Reached XP level 9. HP: 60/69 MP: 7/15
 12661 | D:7      | Identified the +6 hunting sling "Marrer" {venom, Fly rCorr}
 13614 | D:8      | Reached skill level 1 in Invocations
 14215 | D:8      | Reached * piety under Okawaru
 14233 | D:8      | Reached skill level 5 in Polearms
 14426 | D:8      | Reached ** piety under Okawaru
 15185 | D:9      | Reached XP level 10. HP: 69/79 MP: 14/16
 15554 | D:9      | Learned a level 3 spell: Summon Guardian Golem
 15559 | D:9      | Learned a level 4 spell: Summon Ice Beast
 15564 | D:9      | Learned a level 4 spell: Summon Lightning Spire
 15583 | D:10     | Entered Level 10 of the Dungeon
 15805 | D:10     | Noticed Erica
 16091 | D:10     | Noticed a fire dragon
 16360 | D:10     | Reached skill level 1 in Ice Magic
 16360 | D:10     | Reached skill level 1 in Air Magic
 16380 | D:10     | Reached *** piety under Okawaru
 16498 | D:10     | Killed Erica
 16759 | D:10     | Noticed Erolcha
 17312 | D:10     | Found a staircase to the Lair.
 18059 | D:3      | Killed Grinder
 18193 | D:2      | Bought 3 scrolls of vulnerability for 270 gold pieces
 18405 | D:10     | Killed a fire dragon
 18405 | D:10     | Reached **** piety under Okawaru
 18406 | D:10     | Reached skill level 5 in Spellcasting
 18406 | D:10     | Reached skill level 9 in Summonings
 18611 | D:11     | Noticed a catoblepas
 18611 | D:11     | Noticed a cyclops
 18611 | D:11     | Noticed a two-headed ogre
 18870 | D:10     | Mangled by a catoblepas

Illustrated notes

Levels and vault maps discovered:
D:1:      dpeg_arrival_pond, layout_basic, chequers_ecumenical_altar_island
D:2:      layout_basic, serial_shops, shop, nicolae_shop_waterfront
D:3:      layout_loops_ring, serial_glass, glass_columns_a, glass_columns_c,
          glass_columns_b, glass_columns_b, glass_columns_a, glass_columns_b,
          minmay_misc_feat_plants, hangedman_decor_clover_reticule,
          kennysheep_generic_room_9, uniq_grinder
D:4:      layout_basic, ashenzari_altar_1, uniq_duvessa,
          uniq_crazy_yiuf_cottage, uniq_natasha
D:5:      layout_basic, columned_hall_lemuel, hangedman_decor_push
D:6:      layout_basic, serial_bayou, serial_bayou_pond_a,
          serial_bayou_crossing, serial_bayou_pond_c, serial_bayou_pond_c,
          uniq_eustachio
D:7:      layout_gridville, minmay_temple_entry_trees, kennysheep_dice
D:8:      layout_loops_ring
D:9:      layout_rooms
D:10:     layout_irregular_city, minmay_lair_entry_lava, uniq_erica,
          uniq_erolcha
D:11:     layout_basic, zombieorc2_lemuel, uniq_josephine
Temple:   roderic_octagonal_lattice_temple

Skill      XL: |  1  2  3  4  5  6  7  8  9 10 |
---------------+-------------------------------+-----
Fighting       | 1 2 4 6 7 8 |  8.0
Summonings     | 5 6 8 9 |  9.0
Spellcasting   | 3 4 5 |  5.3
Dodging        | 3 4 |  4.0
Stealth        | 3 4 |  4.0
Shields        | 4 |  4.0
Evocations     | 4 |  4.0
Polearms       | 1 6 |  6.0
Invocations    | 4 |  4.0
Ice Magic      | 3 |  3.9
Air Magic      | 3 |  3.5

Action                   |  1- 3 |  4- 6 |  7- 9 | 10-12 || total
-------------------------+-------+-------+-------+-------++-------
Melee: Short sword       |   111 |   144 |       |       ||   255
       Trident           |       |    42 |   275 |    97 ||   414
       Long sword        |       |       |    30 |     8 ||    38
Throw: Dart              |       |       |    25 |     1 ||    26
 Cast: Summon Small Mamm |    18 |     2 |     1 |       ||    21
       Call Imp          |    26 |    22 |    40 |    22 ||   110
       Call Canine Famil |       |    10 |    40 |    14 ||    64
Invok: Heroism           |       |       |       |     5 ||     5
 Abil: Hop               |     3 |     1 |       |     2 ||     6
Evoke: Wand              |       |       |     8 |     8 ||    16
  Use: Scroll            |     5 |     8 |     7 |     4 ||    24
       Potion            |       |     1 |       |     2 ||     3
 Stab: Sleeping          |     2 |     5 |     3 |       ||    10
       Distracted        |       |       |     5 |       ||     5
       Paralysed         |       |       |       |    21 ||    21
Armor: Robe              |    22 |     6 |       |       ||    28
       Ring mail         |       |    43 |   152 |    24 ||   219
Dodge: Dodged            |   104 |    84 |   154 |    24 ||   366
Block: Buckler           |       |       |    46 |    18 ||    64
       Rpst.: Long sword |       |       |     9 |     1 ||    10

Table legend: (Time is in decaauts)
 A = Elapsed time spent in this place.
 B = Non-inter-level travel time spent in this place.
 C = Inter-level travel time spent in this place.
 D = Time resting spent in this place.
 E = Time spent auto-exploring this place.
 F = Levels seen in this place.
 G = Mean time per level.
                   A        B        C        D        E       F      G
               +--------+--------+--------+--------+--------+-----+--------+
         Total |  21079 |  19334 |   1745 |   5543 |  10661 |  12 | 1756.6 |
       Dungeon |  20660 |  18967 |   1693 |   5543 |  10297 |  11 | 1878.2 |
        Temple |    419 |    367 |     52 |      0 |    364 |   1 |  419.0 |
               +--------+--------+--------+--------+--------+-----+--------+

Top non-repeatable levels by time:
     D:4: 3815 daAuts
     D:2: 2433 daAuts
     D:3: 2330 daAuts
     D:1: 2025 daAuts
     D:5: 1837 daAuts
    D:10: 1759 daAuts
     D:9: 1675 daAuts
     D:6: 1656 daAuts
     D:7: 1621 daAuts
     D:8: 1500 daAuts
  Temple: 419 daAuts
    D:11: 4 daAuts
